 Dungeon Crawl Stone Soup version 0.26-a0-597-gb535b0901c (webtiles) character file.

Game seed: 5033722599344172398

5 Lanoc the Chiller (level 1, -4/13 HPs)
             Began as a Formicid Ice Elementalist on Aug 28, 2020.
             Slain by a leopard gecko (5 damage)
             ... on level 1 of the Dungeon.
             The game lasted 00:02:00 (265 turns).

Lanoc the Chiller (Formicid Ice Elementalist)        Turns: 265, Time: 00:02:00

Health: -4/13      AC:  2    Str: 12    XL:     1   Next: 88%
Magic:  1/3        EV: 12    Int: 14    God:
Gold:   5          SH:  0    Dex: 11    Spells: 3/4 levels left

rFire    . . .     SeeInvis +   (no weapon)
rCold    . . .     Faith    .   (no shield)
rNeg     . . .     Spirit   .   a - +0 robe
rPois    .         Reflect  .   (helmet unavailable)
rElec    .         Harm     .   (no cloak)
rCorr    .                      (no gloves)
MR       .....                  (no boots)
Stlth    ++........             (no amulet)
HPRegen  0.04/turn              (no ring)
MPRegen  0.08/turn              (no ring)

@: no status effects
A: permanent stasis, dig shafts and tunnels, four strong arms, antennae 3
a: Dig, Shaft Self


You were on level 1 of the Dungeon.
You visited 1 branch of the dungeon, and saw 2 of its levels.

You collected 5 gold pieces.

Inventory:

Armour
 a - a +0 robe (worn)
Scrolls
 b - a scroll of identify {unknown}
 c - a scroll of fog {unknown}


   Skills:
 + Level 1.9 Dodging
 - Level 2.4 Stealth
 - Level 2.1 Spellcasting
 * Level 4.2 Ice Magic


You had 3 spell levels left.
You knew the following spells:

 Your Spells              Type           Power        Failure   Level
a - Freeze                Ice            ##..         4%          1

Your spell library contained the following spells:

 Spells                   Type           Power        Failure   Level
 Frozen Ramparts          Ice            ##....       12%         3
 Ozocubu's Armour         Ice            ##......     12%         3
 Hailstorm                Conj/Ice       #.......     69%         4
 Summon Ice Beast         Ice/Summ       #.......     69%         4


Dungeon Overview and Level Annotations

Branches:
Dungeon (2/15)

Altars:


Innate Abilities, Weirdness & Mutations

You cannot be hasted, slowed, berserked, paralysed or teleported.
You can dig through walls and to a lower floor.
Your four strong arms can wield two-handed weapons with a shield.
You have a pair of large antennae on your head. (SInv)


Message History

You closely miss the leopard gecko.
The leopard gecko is almost dead.
The leopard gecko closely misses you.
You closely miss the leopard gecko.
The leopard gecko is almost dead.
The leopard gecko misses you. The leopard gecko bites you.
You closely miss the leopard gecko.
The leopard gecko is almost dead.
The leopard gecko completely misses you.
You closely miss the leopard gecko.
The leopard gecko is almost dead.
The leopard gecko closely misses you.
You barely miss the leopard gecko.
The leopard gecko is almost dead.
The leopard gecko bites you.
* * * LOW HITPOINT WARNING * * *
You closely miss the leopard gecko.
The leopard gecko is almost dead.
The leopard gecko bites you.
You die...

#. #. #.
##.#.########## #.
..............## #.
.#.#.###.####... # #.
w#.# ##...######
#.#.#l#>#.#>....#
#...@.....##...##
####..#######.## #.##
#.# ####.#### #†#
#.......# ##'##
#.##.##.# ##...##
#.##.##.###.....##
#....##.##......†##
#....##.#.........###


You could see a dart slug and a leopard gecko.

Vanquished Creatures
  A hobgoblin (D:1)
  2 ball pythons (D:1)
  2 frilled lizards (D:1)
  A kobold (D:1)
  A rat (D:2)
7 creatures vanquished.

Notes
Turn   | Place    | Note
-------+----------+-------------------------------------------
     0 | D:1      | Lanoc the Formicid Ice Elementalist began the quest for the
                  | Orb.
     0 | D:1      | Reached XP level 1. HP: 13/13 MP: 3/3
   265 | D:1      | Slain by a leopard gecko

Illustrated notes

Levels and vault maps discovered:
D:1:      onia_arrival_pentagram, layout_loops_corners
D:2:      layout_rooms, lemuel_coloured_pillars_altar, grunt_gozag_statues,
          uniq_jessica, uniq_terence

Action                   || total
-------------------------++-------
Melee: Unarmed           ||    20
 Cast: Freeze            ||    11
 Stab: Sleeping          ||     2
Armor: Robe              ||     1
Dodge: Dodged            ||    16

Table legend: (Time is in decaauts)
 A = Elapsed time spent in this place.
 B = Non-inter-level travel time spent in this place.
 C = Inter-level travel time spent in this place.
 D = Time resting spent in this place.
 E = Time spent auto-exploring this place.
 F = Levels seen in this place.
 G = Mean time per level.
                   A        B        C        D        E       F      G
               +--------+--------+--------+--------+--------+-----+--------+
         Total |    265 |    262 |      3 |      0 |    189 |   2 |  132.5 |
       Dungeon |    265 |    262 |      3 |      0 |    189 |   2 |  132.5 |
               +--------+--------+--------+--------+--------+-----+--------+

Top non-repeatable levels by time:
     D:1: 244 daAuts
     D:2: 20 daAuts
